 Dungeon Crawl Stone Soup version 0.27-a0-1184-ge86db4a01e (webtiles) character file.

Game seed: 12475215523821790769

95 sokol815 the Sneak (level 4, 0/27 HPs)
             Began as an Octopode Ice Elementalist on May 19, 2021.
             Slain by Terence
             ... wielding a +0 short sword
              (5 damage)
             ... on level 3 of the Dungeon.
             The game lasted 00:07:20 (2806 turns).

sokol815 the Sneak (Octopode Ice Elementalist)      Turns: 2806, Time: 00:07:20

Health: 0/27       AC:  1    Str:  7    XL:     4   Next: 65%
Magic:  6/7        EV: 13    Int: 17    God:
Gold:   113        SH:  0    Dex: 13    Spells: 7/8 levels left

rFire    . . .     SeeInvis .   l - +2 short sword (venom)
rCold    . . .     Faith    .   (no shield)
rNeg     . . .     Spirit   .   (helmet restricted)
rPois    .         Reflect  .   (no amulet)
rElec    .         Harm     .   (no ring)
rCorr    .         Rampage  .   (no ring)
Will     .....                  (no ring)
Stlth    ++++......             (no ring)
HPRegen  0.09/turn              (no ring)
MPRegen  0.10/turn              (no ring)
                                (no ring)
                                (no ring)

@: no status effects
A: almost no armour, amphibious, 8 rings, camouflage 1, gelatinous body 1,
(nimble swimmer 1), tentacles
a: no special abilities


You were on level 3 of the Dungeon.
You visited 1 branch of the dungeon, and saw 3 of its levels.

You collected 113 gold pieces.

Inventory:

Hand Weapons
 b - a +0 halberd
   (You found it on level 1 of the Dungeon)
 e - a +0 dagger
   (You took it off a goblin on level 1 of the Dungeon)
 l - a +2 short sword of venom (weapon)
   (You found it on level 2 of the Dungeon)
Missiles
 g - 7 boomerangs
 j - 22 bolts
 m - 21 arrows
 n - 20 sling bullets
 s - 100 stones
Magical Staves
 h - a staff of conjuration {!a}
   (You found it on level 1 of the Dungeon)
Scrolls
 c - a scroll of magic mapping {unknown}
 d - a scroll of brand weapon {unknown}
 f - a scroll of identify {@r1}
 o - a scroll of vulnerability {unknown}
 p - a scroll of teleportation {unknown}
 q - a scroll of amnesia {unknown}
Potions
 a - a potion of invisibility {unknown}
 i - 2 potions of cancellation
 k - 2 potions of attraction {!q}


   Skills:
 + Level 2.9 Dodging
 * Level 5.2 Stealth
 * Level 2.6 Spellcasting
 - Level 4.0 Ice Magic


You had 7 spell levels left.
You knew the following spells:

 Your Spells              Type           Power      Damage    Failure   Level
a - Freeze                Ice            60%        1d8       3%          1

Your spell library contained the following spells:

 Spells                   Type           Power      Damage    Failure   Level
 Frozen Ramparts          Ice            30%        1d5       11%         3
 Ozocubu's Armour         Ice            15%        N/A       11%         3
 Sandblast                Erth           4%         2d4       19%         1
 Passwall                 Tmut/Erth      1%         N/A       28%         2
 Stone Arrow              Conj/Erth      4%         3d7       50%         3
 Hailstorm                Conj/Ice       9%         3d4       63%         4
 Petrify                  Tmut/Erth      2%         N/A       88%         4
 Metabolic Englaciation   Hex/Ice        4%         N/A       92%         5
 Irradiate                Conj/Tmut      1%         3d14      99%         5
 Lee's Rapid Deconstruct  Erth           1%         3d5*      99%         5
 Blade Hands              Tmut           1%         N/A       100%        6
 Statue Form              Tmut/Erth      1%         N/A       100%        6
 Dragon Form              Tmut           1%         N/A       100%        7


Dungeon Overview and Level Annotations

Branches:
Dungeon (3/15)

Altars:
Qazlal
Wu Jian

Annotations:
D:2 exclusion: downstairs
D:3 exclusion: sky beast, Terence


Innate Abilities, Weirdness & Mutations

You cannot wear most types of armour.
You are amphibious.
You can wear up to eight rings at the same time.
Your skin changes colour to match your surroundings (Stealth+).
Your rubbery body absorbs attacks. (AC +1, EV +1)
((You are camouflaged near water. (Stealth+)))
You have tentacles for arms and can constrict up to eight enemies at once.


Message History

A ball python comes into view.
A bat comes into view.
The bat moves out of view.
Found 23 stones.
Found a stone staircase leading up.
The bat hits you.
You take 1 damage, and have 26/27 hp.
You closely miss the ball python. Your grab misses the ball python.
The bat barely misses you. The ball python closely misses you. x2
The ball python misses you. The ball python grabs you.
The ball python constricts you.
You take 1 damage, and have 25/27 hp.
You closely miss the ball python. Your grab misses the ball python.
The bat closely misses you. The ball python misses you.
The ball python constricts you.
You hit the ball python.
You kill the ball python!
The bat barely misses you.
You hit the bat.
You kill the bat!
No target in view!
No target in view!
p - a scroll labelled TOVVUAD ZEADIS Health restored: 27
s - 100 stones (gained 23)
A hobgoblin and Terence come into view.
Terence shouts!
Terence drinks a potion.
Terence seems to speed up.
An adder comes into view.
There is a stone staircase leading up here.
Terence hits you with a +0 short sword.
You climb upwards.
There is a stone staircase leading down here.
You take 5 damage, and have 22/27 hp.
You start resting.
Health restored: 27 A stone staircase leading down.
(D) Dungeon
Where to? (Enter - D:3, ? - help)
There is a stone staircase leading down here.
You climb downwards.
Level annotation: exclusion: sky beast, Terence
There is a stone staircase leading up here.
A hobgoblin is nearby!
You closely miss the hobgoblin. You grab the hobgoblin.
You constrict the hobgoblin, but do no damage.
The hobgoblin hits you but does no damage.
You hit the hobgoblin. You constrict the hobgoblin. The hobgoblin misses you.
You hit the hobgoblin.
You kill the hobgoblin!
No target in view!
You see here a hobgoblin corpse.
You see here a hobgoblin corpse.
Found a stone staircase leading down.
Found a stone staircase leading down.
Found a stone staircase leading up.
You now have 113 gold pieces (gained 16).
q - a scroll labelled WUELOT FUMUYMP You open the door.
Found a stormy altar of Qazlal and an ornate altar of the Wu Jian Council.
There is an open door here.
There is an ornate altar of the Wu Jian Council here.
There is a stormy altar of Qazlal here.
There is an open door here.
A hobgoblin comes into view.
The helpless hobgoblin fails to defend itself.
You puncture the hobgoblin!
You kill the hobgoblin!
You see here a hobgoblin corpse.
Terence is nearby!
You closely miss Terence. Your grab misses Terence.
Terence asks, "Do you want it fast or slow?"
Terence hits you with a +0 short sword!
You take 7 damage, and have 20/27 hp.
MASSIVE DAMAGE!!
Aim: Terence, wielding a +0 short sword and wearing a +0 scale mail You freeze Terence.
Terence barely misses you.
You now have 6/7 mp.
You hit Terence.
Terence is poisoned.
You grab Terence.
You constrict Terence, but do no damage.
Terence barely misses you.
You hit Terence but do no damage. You constrict Terence. Terence misses you.
Unknown command.
You hit Terence but do no damage.
Terence looks as sick as possible!
You constrict Terence. Terence hits you with a +0 short sword.
You take 5 damage, and have 15/27 hp.
You hit Terence but do no damage.
Terence looks as sick as possible!
You constrict Terence, but do no damage.
Terence hits you with a +0 short sword.
You take 5 damage, and have 10/27 hp.
You hit Terence.
Terence looks as sick as possible!
You constrict Terence, but do no damage.
Terence closely misses you.
You barely miss Terence.
You constrict Terence, but do no damage.
Terence hits you with a +0 short sword.
* * * LOW HITPOINT WARNING * * *
Terence hits you with a +0 short sword.
You die...

... .... ##....
...... #..#.# # .....
# . ########@.#...#
.## ###......@.......
..#
###...###..#..####.
#.####...####..##..##
#......### #.###..#.
#.#.#### #.#.....
#.....# ##.#.#..##
......# ####..#.#..#
##....# #....##.#.S##
#####
##....###.###...#...#
#....


You could see Terence (extremely poisoned) and an adder (wandering).

Vanquished Creatures
  2 adders (D:2)
  A gnoll (D:1)
  A worm (D:2)
  2 dart slugs
  6 ball pythons
  6 bats
  5 endoplasms
  3 giant cockroaches
  8 hobgoblins
  A jackal (D:1)
  4 quokkas
  4 frilled lizards
  3 goblins (D:1)
  3 kobolds
  10 rats
59 creatures vanquished.

Notes
Turn   | Place    | Note
-------+----------+-------------------------------------------
     0 | D:1      | sokol815 the Octopode Ice Elementalist began the quest for
                  | the Orb.
     0 | D:1      | Reached XP level 1. HP: 11/11 MP: 3/3
   174 | D:1      | Found a faded altar of an unknown god.
   253 | D:1      | Reached skill level 3 in Stealth
   256 | D:1      | HP: 2/11 [ball python (3)]
   290 | D:1      | Reached XP level 2. HP: 5/17 MP: 5/5
   571 | D:1      | Reached skill level 4 in Stealth
   627 | D:1      | Reached XP level 3. HP: 21/21 MP: 6/6
  1689 | D:2      | Reached XP level 4. HP: 27/27 MP: 7/7
  1994 | D:2      | Reached skill level 5 in Stealth
  2228 | D:3      | Noticed a sky beast
  2500 | D:3      | Noticed Terence
  2733 | D:3      | Found a stormy altar of Qazlal.
  2733 | D:3      | Found an ornate altar of the Wu Jian Council.
  2806 | D:3      | HP: 5/27 [Terence/+0 short sword (5)]
  2806 | D:3      | Slain by Terence

Illustrated notes

Levels and vault maps discovered:
D:1:      lightli_arrival_statue_moat, layout_loops_cross,
          chequers_ecumenical_altar_simple, minmay_close_crescents
D:2:      layout_basic, minmay_misc_feat_doors, minmay_heptomino_w4
D:3:      layout_rooms, gammafunk_temple_overflow_elements, uniq_terence

Skill      XL: |  1  2  3  4 |
---------------+-------------+-----
Stealth        | 3 4 5 |  5.2
Dodging        | |  2.9
Spellcasting   | |  2.6
Ice Magic      | |  4.0

Action                   |  1- 3 |  4- 6 || total
-------------------------+-------+-------++-------
Melee: Halberd           |    43 |       ||    43
       Unarmed           |     4 |       ||     4
       Tentacles         |     9 |     6 ||    15
       Constrict         |     8 |    12 ||    20
       Short sword       |    15 |    51 ||    66
 Cast: Freeze            |     5 |     2 ||     7
  Use: Scroll            |       |     2 ||     2
 Stab: Sleeping          |    16 |     2 ||    18
       Distracted        |     1 |       ||     1
Armor: Skin              |     4 |     5 ||     9
Dodge: Dodged            |    25 |    36 ||    61

Table legend: (Time is in decaauts)
 A = Elapsed time spent in this place.
 B = Non-inter-level travel time spent in this place.
 C = Inter-level travel time spent in this place.
 D = Time resting spent in this place.
 E = Time spent auto-exploring this place.
 F = Levels seen in this place.
 G = Mean time per level.
                   A        B        C        D        E       F      G
               +--------+--------+--------+--------+--------+-----+--------+
         Total |   2833 |   2742 |     91 |    706 |   1543 |   3 |  944.3 |
       Dungeon |   2833 |   2742 |     91 |    706 |   1543 |   3 |  944.3 |
               +--------+--------+--------+--------+--------+-----+--------+

Top non-repeatable levels by time:
     D:2: 1314 daAuts
     D:1: 1035 daAuts
     D:3: 484 daAuts

Table legend:
 A = Kills in this place as a percentage of kills in entire the game.
 B = Kills by you in this place as a percentage of kills by you in the entire game.
 C = Kills by friends in this place as a percentage of kills by friends in the entire game.
 D = Other kills in this place as a percentage of other kills in the entire game.
 E = Experience gained in this place as a percentage of experience gained in the entire game.
 F = Experience gained in this place divided by the number of levels of this place that you have seen.
                   A       B       C       D       E      F
               +-------+-------+-------+-------+-------+----------------------
         Total | 100.0 | 100.0 |   N/A |   N/A | 100.0 |  45.3
       Dungeon | 100.0 | 100.0 |   N/A |   N/A | 100.0 |  45.3
               +-------+-------+-------+-------+-------+----------------------
